 Dungeon Crawl Stone Soup version 0.29.1-13-g9f3cf754e1 (webtiles) character file.

Game seed: 9292139194810735068

53 DildoBatman the Conjurer (level 4, -7/33 HPs)
             Began as a Formicid Conjurer on Jan 23, 2023.
             Killed from afar by an orc wizard (9 damage)
             ... with a magic dart
             ... on level 4 of the Dungeon.
             The game lasted 00:03:34 (1819 turns).

DildoBatman the Conjurer (Formicid Conjurer)        Turns: 1819, Time: 00:03:35

Health: -7/33      AC:  3    Str: 12    XL:     4   Next: 10%
Magic:  8/8        EV: 12    Int: 19    God:
Gold:   122        SH:  0    Dex: 12    Spells: 5/8 levels left

rFire   . . .      SeeInvis +   b - +2 short sword (vamp)
rCold   . . .      Faith    .   (no shield)
rNeg    . . .      Spirit   .   f - +0 robe
rPois   .          Reflect  .   (helmet unavailable)
rElec   .          Harm     .   (no cloak)
rCorr   .          Rampage  .   (no gloves)
Will    .....                   g - +0 pair of boots
Stlth   ++........              (no amulet)
HPRegen 0.11/turn               (no ring)
MPRegen 0.11/turn               (no ring)

@: no status effects
A: permanent stasis, dig shafts and tunnels, antennae 3, four strong arms
a: Dig, Shaft Self


You were on level 4 of the Dungeon.
You visited 1 branch of the dungeon, and saw 4 of its levels.

You collected 122 gold pieces.

Inventory:

Hand Weapons
 a - a +2 whip of electrocution
 b - a +2 vampiric short sword (weapon)
 j - a +0 spear
Armour
 f - a +0 robe (worn)
 g - a +0 pair of boots (worn)
Scrolls
 e - a scroll of fog {unknown}
 h - a scroll of fear {unknown}
 i - 2 scrolls of identify {unknown}
 k - a scroll of noise {unknown}
 l - a scroll of enchant weapon {unknown}
Potions
 d - a potion of attraction {unknown}
 m - a potion of magic


   Skills:
 * Level 1.6 Fighting
 * Level 1.5 Armour
 - Level 2.0 Dodging
 - Level 2.4 Stealth
 * Level 2.7 Spellcasting
 * Level 3.9 Conjurations


You had 5 spell levels left.
You knew the following spells:

 Your Spells              Type           Power      Damage    Failure   Level
a - Searing Ray           Conj           34%        2d5       4%          2
c - Magic Dart            Conj           68%        1d6       3%          1

Your spell library contained the following spells:

 Spells                   Type           Power      Damage    Failure   Level
 Dazzling Flash           Conj/Hex       20%        N/A       22%         3
 Fulminant Prism          Conj/Hex       5%         3d7       56%         4
 Iskenderun's Mystic Bla  Conj/Tloc      10%        2d4       56%         4


Dungeon Overview and Level Annotations

Branches:
Dungeon (4/15)
 Temple: D:4-7

Altars:

Annotations:
D:2 exclusions: 2 goblins, hobgoblin, kobold and sensed monster (detected), Sigmund


Innate Abilities, Weirdness & Mutations

You cannot be hasted, slowed, berserked, paralysed or teleported.
You can dig through walls and to a lower floor.
You have a pair of large antennae on your head. (SInv)
Your four strong arms can wield two-handed weapons with a shield.


Message History

The orc barely misses you. The orc hits you but does no damage.
The orc priest hits you but does no damage.
What are your orders? t - Shout!
Orders for allies: a - Attack new target. r - Retreat! s - Stop attacking. g - Guard the area. f - Follow me.
Anything else - Cancel.
You shout for attention!
The worm bites you but does no damage. The orc hits you with a +0 short sword.
The orc priest calls down the wrath of Beogh upon you.
Beogh smites you! The orc misses you. What are your orders? t - Shout!
Orders for allies: a - Attack new target. r - Retreat! s - Stop attacking. g - Guard the area. f - Follow me.
Anything else - Cancel.
You shout for attention!
The orc hits you but does no damage. The orc hits you with a +0 short sword.
The orc priest miscasts a cantrip.
The orc wizard misses you. What are your orders? t - Shout!
Orders for allies: a - Attack new target. r - Retreat! s - Stop attacking. g - Guard the area. f - Follow me.
Anything else - Cancel.
You shout for attention!
The worm bites you. The orc hits you with a +0 short sword.
The orc priest barely misses you. The orc barely misses you.
The orc wizard casts a spell at you. The magic dart hits you!
You die...

########
#......
#######....
......owo#
#.@o# #.o.#
#...# ....#
.##..# #.
#..# # #...
#...


You could see a worm, an orc priest, an orc wizard (invisible) and 2 orcs.

Vanquished Creatures
  2 adders
  2 worms
  A dart slug (D:1)
  2 ball pythons
  A bat (D:2)
  2 endoplasms (D:1)
  A giant cockroach (D:3)
  5 goblins
  3 hobgoblins (D:1)
  2 kobolds
  A quokka (D:1)
  A frilled lizard (D:2)
  2 rats (D:1)
25 creatures vanquished.

Notes
Turn   | Place    | Note
-------+----------+-------------------------------------------
     0 | D:1      | DildoBatman the Formicid Conjurer began the quest for the
                  | Orb.
     0 | D:1      | Reached XP level 1. HP: 13/13 MP: 3/3
   125 | D:1      | Found a faded altar of an unknown god.
   323 | D:1      | Reached XP level 2. HP: 17/20 MP: 1/5
   326 | D:1      | Learned a level 2 spell: Searing Ray
   997 | D:1      | Reached skill level 1 in Armour
  1035 | D:1      | Reached skill level 1 in Fighting
  1035 | D:1      | Reached XP level 3. HP: 14/26 MP: 1/6
  1098 | D:2      | Noticed Sigmund
  1782 | D:3      | Reached XP level 4. HP: 26/33 MP: 6/8
  1819 | D:4      | Killed from afar by an orc wizard

Illustrated notes

Levels and vault maps discovered:
D:1:      minmay_arrival_wavy_path, layout_loops_corners,
          ebering_ecumenical_altar_sacrificial
D:2:      layout_basic, uniq_sigmund, uniq_robin, uniq_terence
D:3:      layout_basic, makhleb_altar_promises_db,
          mainiacjoe_overflow_surrounded_room, gammafunk_ghost_gnarly_gnolls,
          uniq_natasha
D:4:      layout_basic, mainiacjoe_overflow_chevrons, okawaru_metal_pillars_3,
          hangedman_decor_slide_cut

Skill      XL: |  1  2 |
---------------+-------+-----
Dodging        | 2 |  2.0
Armour         | 1 |  1.5
Fighting       | 1 |  1.6
Stealth        | |  2.4
Spellcasting   | |  2.7
Conjurations   | |  3.9

Action                   |  1- 3 |  4- 6 || total
-------------------------+-------+-------++-------
Melee: Spear             |    36 |       ||    36
       Dagger            |     1 |       ||     1
       Short sword       |     9 |       ||     9
       Whip              |     8 |       ||     8
 Cast: Magic Dart        |    27 |       ||    27
       Searing Ray       |     3 |       ||     3
 Stab: Sleeping          |     1 |       ||     1
Armor: Robe              |    12 |     5 ||    17
Dodge: Dodged            |    30 |     5 ||    35
